[Event "Chhattisgarh Masters GM 2022"]
[Site "Chhattisgarh"]
[Date "2022.09.19"]
[Round "1.19"]
[White "Arpita, Mukherjee"]
[Black "Kavinda, Akila"]
[Result "0-1"]
[ECO "B06"]
[WhiteElo "2293"]
[BlackElo "1997"]
[Annotator "NA RC"]
[PlyCount "118"]
[EventDate "2022.09.19"]
[EventCountry "IND"]
[SourceTitle "playchess.com"]
[Source "ChessBase"]
[SourceQuality "1"]
[TimeControl "5400+30"]

1. e4 g6 2. d4 Bg7 3. Nc3 d6 4. Be3 a6 5. Qd2 b5 6. Bd3 Nd7 7. Nf3 c5 8. a4 b4 9. Ne2 Bb7 10. c3 bxc3 11. bxc3 Ngf6 12. Ng3 Ng4 13. Bf4 cxd4 14. cxd4 e5 15. Bg5 f6 16. Bh4 exd4 17. Nxd4 Nc5 18. O-O Ne5 19. Bc2 O-O 20. Rab1 Qd7 21. f4 Nf7 22. Nb3 Rac8 23. Nxc5 Rxc5 24. Bb3 Bc6 25. Bxf7+ Rxf7 26. Rb8+ Bf8 27. Qd4 Qa7 28. Rbb1 Bxa4 29. Ne2 Bb5 30. Rbe1 Rc4 31. Qxa7 Rxa7 32. Bxf6 Rxe4 33. Nd4 Rxe1 34. Rxe1 Bd7 35. Bd8 a5 36. Bb6 Ra6 37. Bc7 a4 38. Re2 Bg7 39. Nc2 a3 40. Nb4 Ra4 41. Bxd6 Bd4+ 42. Kh1 Bb2 43. Na2 Rd4 44. Bb4 Rd1+ 45. Re1 Rxe1+ 46. Bxe1 Be6 47. Nb4 a2 48. Nxa2 Bxa2 49. h3 Bc1 50. g3 Bd5+ 51. Kh2 Be3 52. Bc3 Bf3 53. Bf6 Kf7 54. Bg5 Bf2 55. g4 Ke6 56. Bd8 h5 57. gxh5 gxh5 58. h4 Kf5 59. Bg5 Kg4 0-1

[Event "Chhattisgarh Masters GM 2022"]
[Site "Chhattisgarh"]
[Date "2022.09.19"]
[Round "1.20"]
[White "Nagare Kaivalya Sandip"]
[Black "Ram Aravind L N"]
[Result "1-0"]
[ECO "B42"]
[WhiteElo "1996"]
[BlackElo "2275"]
[Annotator "NA RC"]
[PlyCount "95"]
[EventDate "2022.09.19"]
[EventCountry "IND"]
[SourceTitle "playchess.com"]
[Source "ChessBase"]
[SourceQuality "1"]
[TimeControl "5400+30"]

1. e4 c5 2. Nf3 e6 3. d4 cxd4 4. Nxd4 a6 5. Bd3 Qc7 6. O-O Nf6 7. Qe2 d6 8. c4 Be7 9. Nc3 b6 10. f4 Bb7 11. f5 Nc6 12. Be3 Nxd4 13. Bxd4 e5 14. Be3 h5 15. Nd5 Nxd5 16. cxd5 Bd8 17. a4 Bc8 18. b4 Qb7 19. b5 a5 20. Qd2 Bf6 21. Rac1 Bd7 22. Qf2 Rb8 23. g3 Ke7 24. h3 Rhg8 25. Kh2 Rgf8 26. g4 hxg4 27. hxg4 Rh8+ 28. Kg2 Bh4 29. Qd2 f6 30. Rc6 Qa7 31. Rfc1 g6 32. Rc7 Rb7 33. Qc2 gxf5 34. exf5 Qa8 35. Qc6 Rxc7 36. Qxa8 Rxa8 37. Rxc7 Rg8 38. Kf3 Rb8 39. Be4 Bg5 40. Bxg5 fxg5 41. f6+ Kd8 42. Rc1 Rb7 43. Bg6 e4+ 44. Bxe4 Be8 45. Bf5 Bd7 46. Rh1 Be8 47. Be6 Rc7 48. Rh8 1-0

[Event "Chhattisgarh Masters GM 2022"]
[Site "Chhattisgarh"]
[Date "2022.09.19"]
[Round "1.21"]
[White "Ilamparthi A R"]
[Black "Ankitha Goud Palle"]
[Result "1-0"]
[ECO "A24"]
[WhiteElo "2269"]
[BlackElo "1990"]
[Annotator "NA RC"]
[PlyCount "81"]
[EventDate "2022.09.19"]
[EventCountry "IND"]
[SourceTitle "playchess.com"]
[Source "ChessBase"]
[SourceQuality "1"]
[TimeControl "5400+30"]

1. Nf3 Nf6 2. g3 g6 3. Bg2 Bg7 4. O-O d6 5. c4 O-O 6. Nc3 Nbd7 7. d3 c6 8. Rb1 a5 9. a3 e5 10. b4 axb4 11. axb4 Re8 12. Nd2 Nf8 13. b5 d5 14. bxc6 bxc6 15. Qb3 Be6 16. Bb2 N8d7 17. Rfc1 Nc5 18. Qd1 Bf8 19. cxd5 cxd5 20. Nf3 d4 21. Nb5 Bb3 22. Qe1 Rb8 23. Na7 Qc7 24. Nxe5 Qxe5 25. Nc6 Qd6 26. Ba3 Nfd7 27. Nxb8 Rxb8 28. h4 Re8 29. Rxb3 Qa6 30. Bxc5 Nxc5 31. Ra1 Rxe2 32. Qf1 Qe6 33. Rb8 Nxd3 34. Bd5 Qe5 35. Raa8 Re1 36. Rxf8+ Kg7 37. Rxf7+ Kh6 38. Raa7 g5 39. Ra6+ Kh5 40. Bf3+ g4 41. Rxh7# 1-0

[Event "Chhattisgarh Masters GM 2022"]
[Site "Chhattisgarh"]
[Date "2022.09.19"]
[Round "1.22"]
[White "Nithin Babu"]
[Black "Aaryan Varshney"]
[Result "0-1"]
[ECO "C84"]
[WhiteElo "1990"]
[BlackElo "2263"]
[Annotator "NA"]
[PlyCount "118"]
[EventDate "2022.09.19"]
[EventCountry "IND"]
[SourceTitle "playchess.com"]
[Source "ChessBase"]
[SourceQuality "1"]
[TimeControl "5400+30"]

1. e4 e5 2. Nf3 Nc6 3. Bb5 a6 4. Ba4 Nf6 5. O-O Be7 6. d3 b5 7. Bb3 d6 8. a3 O-O 9. Nc3 Bg4 10. Be3 Nd4 11. Bxd4 exd4 12. Nd5 Nd7 13. h3 Bxf3 14. Qxf3 c6 15. Nf4 Nc5 16. Ba2 Na4 17. Ne2 c5 18. Rab1 Bg5 19. Qg4 Rc8 20. Kh1 Nb6 21. f4 Bf6 22. Ng1 c4 23. Nf3 Re8 24. Rbe1 Qc7 25. Re2 Re7 26. h4 Rce8 27. Ref2 Qc5 28. Qh3 g6 29. g4 b4 30. axb4 Qxb4 31. Nd2 d5 32. e5 Bg7 33. dxc4 dxc4 34. Ne4 Qa4 35. Bb1 Nd5 36. Nd6 Rb8 37. Qf3 Ne3 38. Rg1 Rxb2 39. Qa8+ Bf8 40. f5 Qb4 41. fxg6 hxg6 42. Ne4 Rxb1 43. Nf6+ Kg7 44. Rxb1 Qxb1+ 45. Kh2 Qb5 46. h5 Qxe5+ 47. Kh3 Nf5 48. gxf5 Qxf6 49. h6+ Kh7 50. Qxf8 gxf5 51. Kg2 Re4 52. Kf1 d3 53. c3 Qg6 54. Rg2 Rf4+ 55. Kg1 d2 56. Qd8 Rg4 57. Kf1 d1=Q+ 58. Qxd1 Rxg2 59. Qd4 Rg1+ 0-1

[Event "Chhattisgarh Masters GM 2022"]
[Site "Chhattisgarh"]
[Date "2022.09.19"]
[Round "1.23"]
[White "Saravana, Krishnan P."]
[Black "Hemanth Raam"]
[Result "1-0"]
[ECO "A08"]
[WhiteElo "2261"]
[BlackElo "1983"]
[Annotator "NA"]
[PlyCount "101"]
[EventDate "2022.09.19"]
[EventCountry "IND"]
[SourceTitle "playchess.com"]
[Source "ChessBase"]
[SourceQuality "1"]
[TimeControl "5400+30"]

1. Nf3 d5 2. g3 c5 3. Bg2 Nc6 4. O-O e5 5. d3 Nf6 6. e4 d4 7. a4 Bd6 8. Na3 Bg4 9. h3 Be6 10. Ng5 Bd7 11. Nc4 Bc7 12. f4 Qe7 13. f5 Na5 14. Nxa5 Bxa5 15. Nf3 Bc6 16. Bg5 Qd6 17. Nd2 Bd8 18. Nc4 Qc7 19. Qe2 b6 20. c3 dxc3 21. bxc3 O-O 22. g4 Kh8 23. Be3 Ng8 24. g5 f6 25. h4 Be7 26. Rf3 Rad8 27. Rg3 Qd7 28. Nb2 b5 29. axb5 Bxb5 30. c4 Bc6 31. Bf1 Rb8 32. Nd1 Rb3 33. Qa2 Rfb8 34. Qxa7 Qe8 35. Qa2 Ra8 36. Qxb3 Rxa1 37. Nf2 Qh5 38. Qb2 Ra8 39. g6 hxg6 40. Be2 Qxh4 41. Rh3 Qxh3 42. Nxh3 gxf5 43. exf5 Nh6 44. Bxh6 gxh6 45. Kf2 Bd8 46. Bf3 Bxf3 47. Kxf3 Ba5 48. Qb7 Rd8 49. Nf2 Bc3 50. Qe7 Rg8 51. Ne4 1-0

[Event "Chhattisgarh Masters GM 2022"]
[Site "Chhattisgarh"]
[Date "2022.09.19"]
[Round "1.24"]
[White "Mahindrakar Indrajeet"]
[Black "Mrudul Dehankar"]
[Result "1/2-1/2"]
[ECO "C78"]
[WhiteElo "1979"]
[BlackElo "2256"]
[Annotator "NA COMBH"]
[PlyCount "113"]
[EventDate "2022.09.19"]
[EventCountry "IND"]
[SourceTitle "playchess.com"]
[Source "ChessBase"]
[SourceQuality "1"]
[TimeControl "5400+30"]

1. e4 e5 2. Nf3 Nc6 3. Bb5 a6 4. Ba4 Nf6 5. d3 b5 6. Bb3 Bc5 7. Nc3 Bb7 8. O-O O-O 9. Bg5 h6 10. Bh4 g5 11. Nxg5 hxg5 12. Bxg5 Nd4 13. Kh1 Ne6 14. f4 Be3 15. Bxe6 fxe6 16. Qe2 Bxf4 17. Rxf4 exf4 18. e5 f3 19. gxf3 Nh5 20. Bxd8 Bxf3+ 21. Qxf3 Rf5 22. Qf4 Rxf4 23. Rf1 Rf3 24. Rg1+ Kh8 25. Bg5 Raf8 26. Ne4 R3f5 27. Rg4 Rg8 28. d4 Kh7 29. h4 Rg7 30. Kh2 Kg8 31. Rg2 Kf7 32. Nc5 Nf4 33. Rd2 Rh7 34. Kg3 Nd5 35. Nxd7 Kg6 36. Nc5 Rhf7 37. Nxe6 Rf1 38. c3 Ra1 39. Rg2 Rff1 40. Nf4+ Nxf4 41. Bxf4 Kf5 42. Be3 Rxa2 43. h5 b4 44. cxb4 Ke4 45. Bg5 Kf5 46. Be3 Ke4 47. Bg5 Kf5 48. Bd8 Rh1 49. Rf2+ Ke6 50. Bxc7 Rxh5 51. Rc2 Ra1 52. Bb6 Rg1+ 53. Kf4 Rh4+ 54. Kf3 Rh3+ 55. Kf4 Rh4+ 56. Kf3 Rh3+ 57. Ke4 1/2-1/2